 Dungeon Crawl Stone Soup version 0.17.0-73-gb648821 (webtiles) character file.

577 PossumBlood the Shield-Bearer (level 7, -1/84 HPs)
             Began as a Formicid Fighter on Dec 8, 2015.
             Succumbed to a worker ant's poison
             ... on level 4 of the Dungeon.
             The game lasted 00:08:54 (3830 turns).

PossumBlood the Shield-Bearer (Formicid Fighter)    Turns: 3830, Time: 00:08:54

Health: -1/84      AC: 23    Str: 22    XL:     7   Next: 62%
Magic:  7/7        EV:  2    Int:  8    God:
Gold:   229        SH: 10    Dex: 14    Spells: 0 memorised, 6 levels left

rFire  . . .     SeeInvis .     a - +0 long sword
rCold  . . .     Clarity  .     (armour currently unavailable)
rNeg   + + +     SustAt   .     c - +0 shield
rPois  +         Gourm    .     (helmet unavailable)
rElec  .         Spirit   .     (cloak currently unavailable)
rCorr  .         Warding  .     (gloves currently unavailable)
rMut   +         Stasis   +     (boots currently unavailable)
MR     .....                    y - amulet of resist mutation
Stlth  +.........               (no ring)
                                g - +4 ring of dexterity

@: lethally poisoned (-1 -> -11), tree-form, not resistant to hostile
enchantments, very unstealthy
A: permanent stasis, dig shafts and tunnels, four strong arms, (antennae 0)
a: no special abilities


You were on level 4 of the Dungeon.
You were not hungry.
You were a tree.
You visited 1 branch of the dungeon, and saw 4 of its levels.

You collected 229 gold pieces.

Inventory:

Hand Weapons
 a - a +0 long sword (weapon)
Armour
 b - a +0 scale mail (melded)
 c - a +0 shield (worn)
 i - a +2 cloak (melded)
Jewellery
 g - a +4 ring of dexterity (left branch)
 y - an amulet of resist mutation (around neck)
Wands
 e - a wand of magic darts (13)
Scrolls
 j - a scroll of enchant weapon {unknown}
 k - a scroll of random uselessness {unknown}
 l - 3 scrolls of remove curse {unknown}
 m - a scroll of fear {unknown}
 o - 2 scrolls of identify {unknown}
 s - 4 scrolls of enchant armour {unknown}
 t - a scroll of teleportation {unknown}
 v - 3 scrolls of amnesia {unknown}
 x - a scroll of blinking {unknown}
Potions
 h - 2 potions of flight
Books
 d - a book of Clouds

   Spells                             Type                      Level
   a - Mephitic Cloud                 Conjuration/Poison/Air       3
   b - Conjure Flame                  Conjuration/Fire             3
   c - Poisonous Cloud                Conjuration/Poison/Air       6
   d - Freezing Cloud                 Conjuration/Ice/Air          6
   e - Ring of Flames                 Charms/Fire                  7
 w - a book of Annihilations

   Spells                             Type                      Level
   a - Poison Arrow                   Conjuration/Poison           6
   b - Chain Lightning                Conjuration/Air              8
   c - Lehudib's Crystal Spear        Conjuration/Earth            8
   d - Glaciate                       Conjuration/Ice              9
   e - Fire Storm                     Conjuration/Fire             9
Comestibles
 f - a bread ration
 r - 2 meat rations
 u - 2 beef jerkies
 z - a slice of pizza
 A - 2 fruits


   Skills:
 + Level 5.0 Fighting
 * Level 5.0 Long Blades
 + Level 4.8 Armour
 + Level 5.6 Shields


You had 6 spell levels left.
You didn't know any spells.

Dungeon Overview and Level Annotations

Branches:
Dungeon (4/15)
 Temple: D:4-7

Altars:
Gozag
Nemelex Xobeh
Okawaru
Xom


Innate Abilities, Weirdness & Mutations

You are under a permanent stasis effect.
You can dig through walls and to a lower floor.
Your four strong arms can wield two-handed weapons with a shield.
((You have a pair of large antennae on your head (SInv).))


Message History

The worker ant barely misses you.
You slash the worker ant!
You kill the worker ant!
* * * LOW HITPOINT WARNING * * *
You feel sick.
Drink which item? (? for menu, Esc to quit)
It was a potion of berserk rage.
You cannot go berserk while under stasis.
* * * LOW HITPOINT WARNING * * *
You feel sick.
Drink which item? (? for menu, Esc to quit)
You turn into a tree.
Your +2 cloak melds into your body.
Your +0 scale mail melds into your body.
Your roots penetrate the ground.
* * * LOW HITPOINT WARNING * * *
You feel sick.
There is a lethal amount of poison in your body!
* * * LOW HITPOINT WARNING * * *
You feel sick.
You die...

#.##........##
#.###.......# #.#
#......## #.#
##.....# #.##
##...## ##..#
##.. ###...#
####.....#
#####.†♣...#..#
#.....#######..#
#.............#.#
##..).........
..# #............
...#
#............ #..
#...........#
#############


There were no monsters in sight!

Vanquished Creatures
  The ghost of silsha the Ducker, an amateur TrBe of Trog (D:4)
  An ogre (D:4)
  Blork the orc (D:4)
  A scorpion (D:4)
  2 giant frog skeletons
  Natasha (thrice) (D:3)
  3 worker ants (D:4)
  A hound skeleton (D:4)
  5 adders
  An ooze (D:3)
  An adder skeleton (D:4)
  A worm (D:2)
  2 giant geckos (D:3)
  2 orcs
  A ball python (D:3)
  8 bats
  2 giant cockroaches (D:3)
  10 goblins
  3 hobgoblins
  3 jackals (D:4)
  9 kobolds
  2 quokkas (D:3)
  4 giant newts
  6 rats
73 creatures vanquished.

Notes
Turn   | Place    | Note
--------------------------------------------------------------
     0 | D:1      | PossumBlood the Formicid Fighter began the quest for the Orb.
     0 | D:1      | Reached XP level 1. HP: 18/18 MP: 1/1
    48 | D:1      | Reached XP level 2. HP: 13/24 MP: 2/2
   295 | D:1      | Reached skill level 4 in Shields
   332 | D:1      | Reached XP level 3. HP: 27/29 MP: 3/3
  1131 | D:2      | Reached XP level 4. HP: 37/37 MP: 4/4
  1173 | D:2      | Found a shimmering altar of Xom.
  1301 | D:3      | Found a sparkling altar of Nemelex Xobeh.
  1343 | D:3      | Noticed Natasha
  1351 | D:3      | Killed Natasha
  1783 | D:3      | Reached XP level 5. HP: 40/42 MP: 5/5
  1800 | D:3      | Noticed Natasha
  1806 | D:3      | Killed Natasha
  1836 | D:3      | Noticed Natasha
  1846 | D:3      | Killed Natasha
  2075 | D:3      | Found an iron altar of Okawaru.
  2509 | D:4      | Noticed silsha's ghost (amateur TrBe)
  2518 | D:4      | Killed silsha's ghost
  2518 | D:4      | Reached skill level 5 in Shields
  2518 | D:4      | Reached XP level 6. HP: 44/49 MP: 6/6
  2578 | D:4      | Noticed Blork the orc
  2590 | D:4      | Killed Blork the orc
  2816 | D:4      | Noticed an ogre
  2823 | D:4      | Killed an ogre
  2823 | D:4      | Reached XP level 7. HP: 36/55 MP: 7/7
  2976 | D:4      | Found an opulent altar of Gozag.
  3563 | D:4      | Reached skill level 5 in Fighting
  3820 | D:4      | Reached skill level 5 in Long Blades
  3827 | D:4      | HP: 2/56 [poisoned by a worker ant]
  3830 | D:4      | Succumbed to a worker ant's poison

Action                   |  1- 3 |  4- 6 |  7- 9 || total
-------------------------+-------+-------+-------++-------
Melee: Long sword        |   105 |   129 |    53 ||   287
  Use: Potion            |       |    10 |     3 ||    13
  Eat: Bread ration      |     1 |     1 |       ||     2
       Fruit             |       |       |     1 ||     1
